 Dungeon Crawl Stone Soup version 0.30-a0-134-gb40fab5c76 (webtiles) character file.

Game seed: 13741767241901514320

4642 Casaw the Covert (level 10, 0/46 HPs)
             Began as a Spriggan Enchanter on Sept 19, 2022.
             Succumbed to a killer bee's poison
             ... on level 7 of the Dungeon.
             The game lasted 00:28:42 (10048 turns).

Casaw the Covert (Spriggan Enchanter)              Turns: 10048, Time: 00:28:44

Health: 0/46       AC:  3    Str:  8    XL:     10   Next: 20%
Magic:  25/33      EV: 20    Int: 23    God:
Gold:   630        SH:  0    Dex: 16    Spells: 17/28 levels left

rFire   . . .      SeeInvis +    a - +2 dagger
rCold   . . .      Faith    .    (no shield)
rNeg    . . .      Spirit   .    b - +1 robe
rPois   .          Reflect  .    (helmet restricted)
rElec   .          Harm     .    (no cloak)
rCorr   .          Rampage  .    (gloves unavailable)
Will    +....                    (boots unavailable)
Stlth   +++++.....               l - amulet of the acrobat
HPRegen 0.15/turn                q - ring "Igepick" {Int+6 Slay+2}
MPRegen 0.23/turn                d - ring of magical power

@: lethally poisoned (0 -> -10), very quick
A: very small, no large weapons, unfitting armour, see invisible, speed 3
a: no special abilities


You were on level 7 of the Dungeon.
You visited 1 branch of the dungeon, and saw 8 of its levels.
You also visited: Bailey.

You collected 630 gold pieces.

Inventory:

Hand Weapons
 a - a +2 dagger (weapon)
 o - a +3 rapier of electrocution
Missiles
 k - a throwing net (quivered)
Armour
 b - a +1 robe (worn)
Jewellery
 d - a ring of magical power (right hand)
 g - a ring of poison resistance
 l - an amulet of the acrobat (around neck)
 q - the ring "Igepick" (left hand) {Int+6 Slay+2}
   (You found it on level 6 of the Dungeon)

   [ring of intelligence]

   Int:       It affects your intelligence (+6).
   Slay:      It affects your accuracy & damage with ranged weapons and melee
   (+2).
Wands
 n - a wand of quicksilver (1)
 p - a wand of flame (4)
Scrolls
 c - 4 scrolls of identify
 j - 2 scrolls of amnesia
 s - a scroll of teleportation
Potions
 e - 7 potions of haste
 f - 2 potions of heal wounds
 h - a potion of brilliance
 i - 2 potions of cancellation
 m - a potion of lignification


   Skills:
 + Level 2.1 Fighting
 + Level 4.3 Short Blades
 + Level 5.7 Dodging
 + Level 12.8 Stealth
 + Level 9.7 Spellcasting
 + Level 10.1 Hexes


You had 17 spell levels left.
You knew the following spells:

 Your Spells              Type           Power      Damage    Failure   Level
a - Ensorcelled Hibernat  Hex/Ice        68%        N/A       1%          2
b - Tukima's Dance        Hex            55%        N/A       1%          3
c - Dazzling Flash        Conj/Hex       68%        N/A       2%          3
d - Confusing Touch       Hex            55%        N/A       1%          3

Your spell library contained the following spells:

 Spells                   Type           Power      Damage    Failure   Level
 Portal Projectile        Hex/Tloc       68%        N/A       2%          3
 Necrotise                Necr           44%        1d6       6%          1
 Anguish                  Hex/Necr       17%        N/A       7%          4
 Leda's Liquefaction      Hex/Erth       17%        N/A       7%          4
 Call Canine Familiar     Summ           11%        N/A       17%         3
 Spider Form              Tmut/Pois      11%        N/A       17%         3
 Vampiric Draining        Necr           11%        2d6       17%         3
 Agony                    Necr           11%        N/A       85%         5
 Arcjolt                  Conj/Air       5%         1d15      85%         5
 Iskenderun's Battlesphe  Conj           11%        2d7       85%         5
 Iron Shot                Conj/Erth      5%         9d2       100%        6
 Spellforged Servitor     Conj/Summ      5%         N/A       100%        7


Dungeon Overview and Level Annotations

Branches:
Dungeon (8/15)             Temple (0/1) D:7          Bailey (visited)
   Lair: D:8-11

Altars:
Elyvilon
Kikubaaqudgha
Trog
Vehumet
Wu Jian
Yredelemnul
The Shining One


Innate Abilities, Weirdness & Mutations

You are very small and have problems with some larger weapons.
You are too small for most types of armour.
You have supernaturally acute eyesight. (SInv)
You cover ground extremely quickly. (Speed+++)


Message History

Aim: a killer bee (chance to affect: 71%)
The killer bee struggles to resist.
The killer bee buzzes angrily.
You feel sick. The killer bee completely misses you.
The killer bee barely misses you.
Unknown command.
Casting: Ensorcelled Hibernation (safe; 1% risk of failure)
Confirm with . or Enter, or press ? or * to list all spells.
Aiming: Ensorcelled Hibernation (safe; 1% risk of failure)
Press: ? - help, Shift-Dir - straight line, f/p - killer bee
Aim: a killer bee (chance to affect: 71%)
The killer bee looks drowsy...
You feel sick.
Unknown command.
The helpless killer bee fails to defend itself.
You perforate the killer bee like a sieve!!!!
You kill the killer bee!
You feel sick. The killer bee stings you!
* * * LOW HITPOINT WARNING * * *
You are lethally poisoned!
The killer bee poisons you!
Okay, then.
Unknown command.
You feel better. The killer bee closely misses you. The killer bee misses you.
The killer bee attacks as you move away!
The killer bee stings you.
* * * LOW HITPOINT WARNING * * *
You are poisoned.
The killer bee poisons you!
* * * LOW HITPOINT WARNING * * *
You feel sick.
The killer bee attacks as you move away!
The killer bee completely misses you.
There is a stone staircase leading up here.
* * * LOW HITPOINT WARNING * * *
You feel sick. The killer bee stings you.
* * * LOW HITPOINT WARNING * * *
You are more poisoned.
The killer bee poisons you! The killer bee misses you.
You climb upwards.
You die...

#######............÷#............
.................P.)..###########
#######.........~~..))##
....#...........PP..#..####
....#.#............'##....#
###.#.#........⌠..##_##...#
#.#.#............###....#
###.##########y...#....)# #.#.#
#...@.........# #.#.####
#.###.........# #......#
#.###....)....# #......#
#...#.###.#####
#......####.#.#...).# #####
#...............##### #....
#.#.#...............# #.###
#.#.#...........###.# #.#
#.#.......#'#.### #.# ###.###


You could see a killer bee.

Vanquished Creatures
  An orc knight (Bailey)
  Pikel (D:5)
  Joseph (D:7)
  Sigmund (D:5)
  Menkaure (D:6)
  Edmund (D:5)
  An ice beast (D:6)
  3 black bears
  3 orc warriors
  A sky beast (D:7)
  An ogre (D:5)
  4 centaurs (D:8)
  A phantom (D:3)
  2 kobold brigands
  A bullfrog (D:6)
  2 necrophages (D:7)
  A scorpion (D:5)
  2 killer bees (D:8)
  2 electric eels (D:6)
  3 howler monkeys (D:7)
  A hound (D:6)
  3 orc priests
  A bullfrog skeleton (D:6)
  3 iguanas
  3 orc wizards
  4 adders
  6 gnolls
  A shadow imp (D:6)
  A white imp (D:7)
  2 ufetubi
  A worm (D:3)
  3 dart slugs
  24 orcs
  3 bats
  10 endoplasms
  7 giant cockroaches
  6 goblins
  3 hobgoblins
  A quokka (D:1)
  7 ball pythons
  4 frilled lizards
  15 kobolds
  3 rats
145 creatures vanquished.

Vanquished Creatures (collateral kills)
  Eustachio (D:5)
  3 orc warriors (Bailey)
  An ogre (D:6)
  A gnoll bouda (D:7)
  A gnoll (D:7)
  9 orcs (Bailey)
16 creatures vanquished.

Vanquished Creatures (others)
  4 dancing weapons
  12 plants
16 creatures vanquished.

Grand Total: 177 creatures vanquished

Notes
Turn   | Place    | Note
-------+----------+-------------------------------------------
     0 | D:1      | Casaw the Spriggan Enchanter began the quest for the Orb.
     0 | D:1      | Reached XP level 1. HP: 9/9 MP: 5/5
    20 | D:1      | Found a faded altar of an unknown god.
   558 | D:2      | Reached XP level 2. HP: 12/13 MP: 6/6
   561 | D:2      | Learned a level 2 spell: Ensorcelled Hibernation
   704 | D:2      | Reached XP level 3. HP: 16/16 MP: 1/8
   708 | D:2      | Learned a level 3 spell: Tukima's Dance
   712 | D:2      | Learned a level 3 spell: Confusing Touch
   923 | D:2      | Reached skill level 5 in Stealth
   935 | D:2      | Reached XP level 4. HP: 21/21 MP: 1/10
  2482 | D:3      | Noticed a phantom
  2495 | D:3      | Killed a phantom
  2496 | D:3      | Reached XP level 5. HP: 15/24 MP: 8/11
  2657 | D:3      | Reached skill level 6 in Stealth
  2922 | D:3      | Reached skill level 5 in Hexes
  2922 | D:3      | Reached XP level 6. HP: 28/28 MP: 8/13
  3163 | D:3      | Found a white marble altar of Elyvilon.
  3443 | D:4      | Found a bloodstained altar of Trog.
  4393 | D:5      | Entered Level 5 of the Dungeon
  4401 | D:5      | Noticed Sigmund
  4416 | D:5      | Killed Sigmund
  4417 | D:5      | Reached skill level 7 in Stealth
  4417 | D:5      | Reached skill level 5 in Spellcasting
  4828 | D:5      | Found a radiant altar of Vehumet.
  4862 | D:5      | Noticed Edmund
  4883 | D:5      | Reached XP level 7. HP: 16/32 MP: 16/16
  4900 | D:5      | Killed Edmund
  4901 | D:5      | Reached skill level 8 in Stealth
  5044 | D:5      | Noticed Eustachio
  5066 | D:5      | Killed Eustachio
  5436 | D:5      | Reached skill level 9 in Stealth
  5436 | D:5      | Reached XP level 8. HP: 36/36 MP: 18/18
  5461 | D:5      | Learned a level 3 spell: Dazzling Flash
  5510 | D:5      | Noticed Pikel
  5528 | D:5      | Killed Pikel
  5529 | D:5      | Reached skill level 10 in Stealth
  5883 | D:6      | Found a transporter.
  5949 | D:6      | Found a transporter.
  6306 | D:6      | Found an ancient bone altar of Kikubaaqudgha.
  6310 | D:6      | Noticed Menkaure
  6311 | D:6      | Found a basalt altar of Yredelemnul.
  6330 | D:6      | Found a transporter.
  6332 | D:6      | Found a transporter.
  6394 | D:6      | Reached skill level 11 in Stealth
  6394 | D:6      | Reached XP level 9. HP: 32/39 MP: 12/22
  7372 | D:6      | Killed Menkaure
  7398 | D:6      | Identified the +3 morningstar "Yxzy" {flame, rN+}
  7405 | D:6      | Identified the ring "Igepick" {Int+6 Slay+2}
  7495 | D:7      | Found a staircase to the Ecumenical Temple.
  7779 | D:7      | Noticed Joseph
  7841 | D:7      | Reached skill level 12 in Stealth
  8041 | D:7      | Found a flagged portal.
  8051 | D:7      | Killed Joseph
  8056 | Bailey   | Entered a bailey
  8070 | Bailey   | Reached skill level 1 in Fighting
  8298 | Bailey   | Noticed an orc knight
  8502 | Bailey   | Killed an orc knight
  8503 | Bailey   | Reached skill level 5 in Dodging
  8503 | Bailey   | Reached XP level 10. HP: 16/46 MP: 13/24
  8743 | Bailey   | Identified the +2 kite shield of the Lotus Blossom {Drain
                  | Will- Str+10 Slay+4}
  8897 | Bailey   | Reached skill level 10 in Hexes
  9742 | D:7      | Found a glowing golden altar of the Shining One.
  9836 | D:8      | Found an ornate altar of the Wu Jian Council.
 10048 | D:7      | Succumbed to a killer bee's poison

Illustrated notes

Levels and vault maps discovered:
D:1:      dpeg_arrival_another_circle, layout_basic, basic_ecumenical_altar
D:2:      layout_loops_corners
D:3:      layout_loops_ring, mainiacjoe_overflow_surrounded_room,
          chequers_serial_rivers_micro_b
D:4:      layout_cave_pods, trog_three_pillars_becter
D:5:      layout_basic, mainiacjoe_overflow_alcove_2, uniq_pikel, uniq_sigmund,
          uniq_edmund, uniq_eustachio
D:6:      gammafunk_steamed_eel, layout_gridville, gammafunk_temple_of_torment
D:7:      layout_basic, tso_oasis_becter, minmay_temple_entry_grid,
          enter_bailey_1, uniq_joseph
D:8:      layout_rooms, amcnicky_altar_gilded, lemuel_round_altar,
          lair_entry_dummy, serial_shops, nicolae_lakefront_shop,
          introduction_to_nature_1

Skill      XL: |  1  2  3  4  5  6  7  8  9 10 |
---------------+-------------------------------+-----
Dodging        | 3 4 5 |  5.7
Spellcasting   | 3 4 5 6 8 9 |  9.7
Hexes          | 4 5 6 7 8 9 10 | 10.1
Short Blades   | 2 3 4 |  4.3
Stealth        | 5 6 7 9 11 12 | 12.8
Fighting       | 1 2 |  2.1

Action                   |  1- 3 |  4- 6 |  7- 9 | 10-12 || total
-------------------------+-------+-------+-------+-------++-------
Melee: Dagger            |    59 |   164 |   165 |    60 ||   448
       Punch             |     1 |       |     5 |     1 ||     7
 Cast: Ensorcelled Hiber |     9 |    13 |    50 |    13 ||    85
       Confusing Touch   |       |     5 |     9 |     3 ||    17
       Tukima's Dance    |       |     5 |    22 |     8 ||    35
Evoke: Wand              |       |       |     9 |       ||     9
  Use: Scroll            |     4 |    12 |     6 |       ||    22
       Potion            |     4 |     1 |     1 |     1 ||     7
 Stab: Sleeping          |     8 |    24 |    28 |     8 ||    68
       Invisible         |     1 |     7 |       |       ||     8
       Confused          |       |     2 |     7 |       ||     9
       Distracted        |       |       |     2 |     1 ||     3
Armor: Robe              |     5 |     3 |     7 |     7 ||    22
Dodge: Dodged            |    41 |    99 |   119 |    71 ||   330

Table legend: (Time is in decaauts)
 A = Elapsed time spent in this place.
 B = Non-inter-level travel time spent in this place.
 C = Inter-level travel time spent in this place.
 D = Time resting spent in this place.
 E = Time spent auto-exploring this place.
 F = Levels seen in this place.
 G = Mean time per level.
                   A        B        C        D        E       F      G
               +--------+--------+--------+--------+--------+-----+--------+
         Total |   7712 |   7531 |    181 |    618 |   5313 |   9 |  856.9 |
       Dungeon |   6913 |   6732 |    181 |    561 |   4777 |   8 |  864.1 |
        Bailey |    798 |    798 |      0 |     57 |    536 |   1 |  798.0 |
               +--------+--------+--------+--------+--------+-----+--------+

Top non-repeatable levels by time:
     D:6: 1231 daAuts
     D:2: 1140 daAuts
     D:4: 1052 daAuts
     D:5: 990 daAuts
     D:7: 936 daAuts
  Bailey: 798 daAuts
     D:1: 704 daAuts
     D:3: 652 daAuts
     D:8: 206 daAuts
